 Dungeon Sprint DCSS version 0.31-a0-716-gc7603755dd (webtiles) character file.

Game seed: 17047202691403292662

114 rocky1 the Ducker (level 5, -2/41 HPs)
             Began as a Djinni Gladiator on Sept 11, 2023.
             Slain by a shadow (27 damage)
             ... in the Dungeon (Sprint III: "The Ten Rune Challenge").
             The game lasted 00:01:02 (413 turns).

rocky1 the Ducker (Djinni Gladiator)                 Turns: 413, Time: 00:01:03

Health: -2/41      AC:  4    Str: 13    XL:     5   Next: 19%
Gold:   21         EV: 15    Int: 10    God:
                   SH:  0    Dex: 16

rFire   + + .        a - +0 long sword
rCold   x . .        (no shield)
rNeg    . . .        b - +0 leather armour
rPois   ∞            c - +0 helmet
rElec   .            (no cloak)
rCorr   .            (no gloves)
SInv    .            (boots unavailable)
Will    .....        (no amulet)
Stlth   ++           (no ring)
HPRegen 0.26/turn    (no ring)
MPRegen 0.00/turn

%: no teleportation, infuse magic (-3 HP)
@: flying, hasted, very quick
A: sickness immunity, fire resistance 2, cold vulnerability 1, float, innate
caster, HP casting, extra vitality 1
a: no special abilities


You were in the Dungeon.
You visited 1 branch You collected 21 gold pieces.

Inventory:

Hand Weapons
 a - a +0 long sword (weapon)
Missiles
 d - 2 throwing nets (quivered)
 e - a javelin
Armour
 b - a +0 leather armour (worn)
 c - a +0 helmet (worn)
Scrolls
 j - a scroll of blinking
 m - a scroll of poison {unknown}
 n - a scroll of identify {unknown}
 p - a scroll of immolation {unknown}
 q - a scroll of amnesia {unknown}
Potions
 f - a potion of curing
 g - a potion of heal wounds
 k - a potion of lignification {unknown}
 l - 5 potions of mutation
 o - a potion of enlightenment {unknown}
 r - a potion of degeneration {unknown}


   Skills:
 + Level 3.8 Fighting
 + Level 6.4 Long Blades
 - Level 1.5 Throwing
 + Level 1.2 Armour
 + Level 6.7 Dodging
 + Level 1.2 Stealth


You knew the following spells:

 Your Spells              Type           Power      Damage    Failure   Level
a - Kiss of Death         Conj/Necr      0%         2d5       43%         1
b - Momentum Strike       Conj/Tloc      0%         3d8       58%         2
Your spell library was empty.

Dungeon Overview and Level Annotations

Branches:
Dungeon (1/1)

Altars:


Innate Abilities, Weirdness & Mutations

You are immune to sickness and miasma.
You are immune to poison.
Your flesh is very heat resistant. (rF++)
You are vulnerable to cold. (rC-)
You float through the air rather than walking.
You learn spells naturally, not from books.
Your magical power is your life essence.
You have superior vitality. (+4 MHP)


Message History

You recover from your berserk rage.
You start resting.
HP restored.
There is an open door to the Ecumenical Temple here.
There is a fountain of clear blue water here.
You reach down and open the door.
A jelly comes into view.
You hit the jelly.
Your hands burn!
The jelly is moderately wounded.
The jelly completely misses you.
You slash the jelly!
Your hands burn!
The jelly is almost dead.
The jelly barely misses you.
You slash the jelly!
You kill the jelly!
Your Long Blades skill increases to level 6!
You have reached level 5!
The power to cast Momentum Strike wells up from within.
Spell assigned to 'b'.
Unknown command.
You start resting.
HP restored.
A shadow comes into view.
There is an open door here.
You feel yourself speed up. The shadow hits you.
You barely miss the shadow. The shadow hits you.
You slash the shadow!
The shadow is moderately damaged.
You hit the shadow.
The shadow is heavily damaged.
The shadow hits you!
You hit the shadow but do no damage.
The shadow is heavily damaged.
The shadow slips into darkness.
The shadow flickers and vanishes!
Deactivating autopickup; reactivate with Ctrl-A.
You hit something.
The shadow strikes at you from the darkness!
Ouch! That really hurt!
You die...

▓▓▓ ##.# ####..#
#..#..#
#..#..###+#+###+##
##'#..#..........#
###...'.⌠........#
###...#...######@#
##....#.⌠.# #.{.#
#.....#...# #...#
......#+### #...#
#.....# #...+
##....# +...#
▓▓▓▓▓▓ ▓▓▓▓▓


There were no monsters in sight!

Vanquished Creatures
  A water elemental (D)
  A jelly (D)
  A human (D)
  A phantom (D)
  An endoplasm (D)
  3 rats (D)
8 creatures vanquished.

Notes
Turn   | Place    | Note
-------+----------+-------------------------------------------
     0 | D        | rocky1 the Djinni Gladiator began the quest for the Orb.
     0 | D        | Reached XP level 1. HP: 18/18 MP: 0/0
    80 | D        | Reached XP level 2. HP: 14/24 MP: 0/0
    80 | D        | Reached XP level 3. HP: 17/29 MP: 0/0
    80 | D        | Learned a level 1 spell: Kiss of Death
   139 | D        | Reached skill level 5 in Dodging
   260 | D        | Noticed a water elemental
   265 | D        | Killed a water elemental
   266 | D        | Reached skill level 5 in Long Blades
   266 | D        | Reached skill level 1 in Armour
   266 | D        | Reached skill level 1 in Stealth
   266 | D        | Reached XP level 4. HP: 13/35 MP: 0/0
   382 | D        | Reached XP level 5. HP: 35/41 MP: 0/0
   382 | D        | Learned a level 2 spell: Momentum Strike
   407 | D        | Noticed a shadow
   413 | D        | Slain by a shadow

Illustrated notes

Levels and vault maps discovered:
D:        dungeon_sprint_mu [sprint_mu_entry_cave, sprint_mu_temple_rooms,
          sprint_mu_d1_spiders, sprint_mu_d2_genie, sprint_mu_d3_branching,
          sprint_mu_orc_legion, sprint_mu_elf_gauntlet, sprint_mu_hive_nellie,
          sprint_mu_lair_fedhas, sprint_mu_vaults_butterflies,
          sprint_mu_slime_circle, sprint_mu_shoals_kraken,
          sprint_mu_snake_twists, sprint_mu_blade_basic,
          sprint_mu_crypt_chambers, sprint_mu_tomb_spiral,
          sprint_mu_vestibule_basic, sprint_mu_gehenna_hellfire,
          sprint_mu_dis_giant, sprint_mu_tartarus_statrot,
          sprint_mu_cocytus_islands, sprint_mu_zot1]

Skill      XL: |  1  2  3  4 |
---------------+-------------+-----
Long Blades    | 4 5 6 |  6.4
Dodging        | 4 6 |  6.7
Fighting       | 3 |  3.8
Armour         | 1 |  1.2
Stealth        | 1 |  1.2
Throwing       | |  1.5

Action                     |  1- 3 |  4- 6 || total
---------------------------+-------+-------++-------
  Melee: Long sword        |    30 |     8 ||    38
         Punch             |     1 |       ||     1
  Throw: Throwing net      |     3 |       ||     3
    Use: Potion            |     1 |     1 ||     2
   Stab: Held in net/web   |     1 |       ||     1
 Armour: Leather armour    |     9 |     4 ||    13
  Dodge: Dodged            |    18 |     2 ||    20

Table legend: (Time is in decaauts)
 A = Elapsed time spent in this place.
 B = Non-inter-level travel time spent in this place.
 C = Inter-level travel time spent in this place.
 D = Time resting spent in this place.
 E = Time spent auto-exploring this place.
 F = Levels seen in this place.
 G = Mean time per level.
                   A        B        C        D        E       F      G
               +--------+--------+--------+--------+--------+-----+--------+
         Total |    429 |    429 |      0 |    275 |     36 |   1 |  429.0 |
       Dungeon |    429 |    429 |      0 |    275 |     36 |   1 |  429.0 |
               +--------+--------+--------+--------+--------+-----+--------+

Top non-repeatable levels by time:
       D: 429 daAuts
